 Dungeon Crawl Stone Soup version 0.21.1-1-g345015fe64 (webtiles) character file.

243368 Peloso the Hoplite (level 18, -9/171 HPs)
             Began as a Minotaur Fighter on May 24, 2018.
             Was the Champion of Okawaru.
             Shot with a bolt by a yaktaur captain (13 damage)
             ... on level 1 of the Vaults.
             The game lasted 01:53:37 (39071 turns).

Peloso the Hoplite (Minotaur Fighter)              Turns: 39071, Time: 01:53:37

Health: -9/171     AC: 26    Str: 30    XL:     18   Next: 70%
Magic:  19/19      EV:  2    Int:  5    God:    Okawaru [******]
Gold:   913        SH:  0    Dex: 12    Spells: 17/17 levels left

rFire    + . .     SeeInvis +   u - +6 double sword (elec)
rCold    . . .     Gourm    .   i - +1 large shield {reflect}
rNeg     + + +     Faith    .   G - +2 chain mail {rF+}
rPois    ∞         Spirit   .   D - +1 hat {MR+}
rElec    .         Reflect  +   U - +2 cloak {rPois}
rCorr    .         Harm     .   m - +2 pair of gloves {Str+3}
MR       ++...                  Y - +1 pair of boots {Fly}
Stlth    ..........             a - brooch of Shielding {Reflect SH+8}
HPRegen  0.38/turn              (no ring)
MPRegen  0.16/turn              e - ring "Kietz" {rN+ Slay+3 SInv}

@: petrified, flying
A: retaliatory headbutt, horns 2, deterioration 1
}: 2/15 runes: barnacled, gossamer
a: Heroism, Finesse, Renounce Religion, Stop Flying


You were on level 1 of the Vaults.
You worshipped Okawaru.
Okawaru was exalted by your worship.
You were hungry.

You visited 7 branches of the dungeon, and saw 33 of its levels.
You visited the Abyss 1 time.
You also visited: Ice Cave.

You collected 3058 gold pieces.
You spent 2145 gold pieces at shops.

Inventory:

Hand Weapons
 k - a +2 scimitar of flaming
 u - a +6 double sword of electrocution (weapon)
Armour
 i - a +1 large shield of reflection (worn)
 m - a +2 pair of gloves of strength (worn)
 D - a +1 hat of magic resistance (worn)
 G - a +2 chain mail of fire resistance (worn)
 U - a +2 cloak of poison resistance (worn)
 Y - a +1 pair of boots of flying (worn)
Jewellery
 a - the brooch of Shielding (around neck) {Reflect SH+8}
   (You bought it in a shop on level 2 of the Orcish Mines)

   [amulet of reflection]

   It shields you and reflects attacks.
   It affects your SH (+8).
 b - an uncursed ring of protection from fire
 e - the ring "Kietz" (right hand) {rN+ Slay+3 SInv}
   (You bought it in a shop on level 2 of the Orcish Mines)

   [ring of see invisible]

   It affects your accuracy and damage with ranged weapons and melee attacks
   (+3).
   It protects you from negative energy.
   It lets you see invisible.
 r - an uncursed ring of protection from cold
 R - an uncursed ring of protection from magic
Wands
 l - a wand of digging (2)
Scrolls
 g - 10 scrolls of remove curse
 o - 9 scrolls of identify
 p - 4 scrolls of fear
 s - 7 scrolls of magic mapping
 y - 11 scrolls of teleportation
 B - a scroll of summoning
 I - 3 scrolls of blinking
Potions
 h - 5 potions of heal wounds
 w - 6 potions of berserk rage
 x - 4 potions of resistance
 z - 6 potions of haste
 C - 6 potions of curing
 M - a potion of invisibility
 O - a potion of agility
Comestibles
 f - 48 rations


   Skills:
 + Level 17.8 Fighting
 + Level 19.0 Long Blades
 + Level 15.9 Armour
 + Level 8.0 Dodging
 + Level 2.9 Stealth
 + Level 22.6 Shields
 + Level 2.8 Invocations
 + Level 1.6 Evocations


You had 17 spell levels left.
You didn't know any spells.

Dungeon Overview and Level Annotations

Branches:
Dungeon (15/15)            Temple (1/1) D:4            Lair (6/6) D:9
 Shoals (4/4) Lair:4       Spider (4/4) Lair:2        Slime (0/5) Lair:6
    Orc (2/2) D:11            Elf (0/3) Orc:2        Vaults (1/5) D:13
 Depths (0/5) D:15

Altars:
Ashenzari
Cheibriados
Dithmenos
Elyvilon
Fedhas
Gozag
Hepliaklqana
Kikubaaqudgha
Makhleb
Nemelex Xobeh
Okawaru
Qazlal
Ru
Sif Muna
Trog
Uskayaw
Vehumet
Wu Jian
Xom
Yredelemnul
Zin
The Shining One
Beogh

Shops:
D:7 %   D:9 }   Orc:2 :=%   Shoals:1 (

Annotations:
Lair:5 exclusion: oklob plant
Shoals:3 Kirke
Vaults:1 Jorgrun


Innate Abilities, Weirdness & Mutations

You reflexively headbutt those who attack you in melee.
You have a pair of horns on your head.
Your body sometimes deteriorates upon taking damage.


Message History

The deep troll claws you but does no damage.
Jorgrun mutters some incantations to himself.
Jorgrun casts a spell.
The dungeon rumbles around Jorgrun!
The deep troll dies!
You shudder from the earth-shattering force.
* * * LOW HITPOINT WARNING * * *
Ka-crash!
You hear a shout!
You hear a howl!
You hear a shout!
You hear a howl!
Jorgrun hits you with a quarterstaff of crushing.
* * * LOW HITPOINT WARNING * * *
A yaktaur captain comes into view.
Jorgrun hits you with a quarterstaff of crushing.
* * * LOW HITPOINT WARNING * * *
The yaktaur captain wields an arbalest.
The yaktaur captain shoots a bolt.
The bolt hits you!!
* * * LOW HITPOINT WARNING * * *
Jorgrun hits you with a quarterstaff of crushing.
* * * LOW HITPOINT WARNING * * *
x2 The yaktaur captain shoots a bolt.
The bolt hits you!!
You die...

########..####'######
####......'..#......#
...#......#..#......#
.%...........#......#
.......$..#..'......#
....................#
..>.......#.........#
.............#......#
..#....@..#..#......#
. #...†g..#..#......#
...#.........#####+##
# #........[.#
............#
...#$........#
c.............#
....#...#......


You could see Jorgrun and a yaktaur captain.

Vanquished Creatures
  Mara (Shoals:4)
  An Ice Fiend (IceCv)
  Polyphemus (Shoals:3)
  A tentacled starspawn (Abyss:3)
  3 krakens
  Gastronok (Lair:1)
  Roxanne (Spider:2)
  Ilsuiw (Shoals:4)
  The ghost of raetorn the Devastator, an adept TeCj of Vehumet (Shoals:3)
  5 ghost moths (Spider:4)
  5 emperor scorpions
  Louise (D:15)
  An entropy weaver (Spider:4)
  3 spark wasps (Spider:4)
  Nessos (D:13)
  The ghost of lrwvr the Carver, a journeyman DsGl of Wu Jian (D:14)
  5 merfolk javelineers (Shoals:4)
  Josephine (Spider:1)
  12 merfolk impalers
  A rakshasa (D:13)
  8 hydras
  4 merfolk avatars
  An ice dragon (Shoals:1)
  4 centaur warriors
  Erica (D:8)
  2 catoblepae
  A merfolk aquamancer (Shoals:3)
  9 two-headed ogres
  A death knight (D:12)
  An alligator (Lair:4)
  4 orc high priests
  3 death yaks (Shoals:3)
  Urug (D:11)
  Sonja (Orc:2)
  A wretched star (Abyss:4)
  7 skeletal warriors
  7 sea snakes
  2 unseen horrors
  The ghost of Ykky the Chopper, a novice DDFi of Makhleb (D:5)
  5 orc knights
  A wolf spider zombie (D:14)
  4 large abominations (Abyss:3)
  9 harpies
  2 deep elf magi
  9 ugly things
  20 orb spiders
  23 wolf spiders
  6 orc sorcerers
  11 manticores
  A worldbinder (Abyss:3)
  7 cyclopes
  3 fauns (Shoals:2)
  A shining eye (Abyss:3)
  Joseph (D:8)
  An ice statue (IceCv)
  11 merfolk sirens
  3 elephants (Lair:4)
  5 black mambas
  2 centaur zombies
  2 torpor snails
  8 spiny frogs
  A gargoyle (D:13)
  6 water nymphs
  3 smoke demons
  2 rime drakes (Lair:5)
  A kobold demonologist (D:10)
  12 komodo dragons
  6 ice devils (IceCv)
  3 anaconda simulacra (IceCv)
  3 freezing wraiths
  9 demonic crawlers
  3 harpy zombies
  28 merfolk
  2 hellwings (Abyss:3)
  A golden dragon simulacrum (IceCv)
  37 jumping spiders
  A tengu conjurer (D:14)
  5 wind drakes
  2 meliai (shapeshifter) (D:15)
  10 trolls
  9 polar bears
  14 blink frogs
  11 slime creatures
  A raiju (Abyss:3)
  14 hornets
  Prince Ribbit (D:6)
  A dream sheep (shapeshifter) (D:15)
  22 dream sheep
  A blink frog (shapeshifter) (D:15)
  7 hippogriffs
  5 snapping turtles
  92 redbacks
  A shadow (D:12)
  A spriggan (shapeshifter) (D:13)
  22 tarantellas
  5 water elementals
  14 spriggans
  5 wraiths
  A wyvern (D:13)
  4 hogs (Shoals:3)
  47 yaks
  3 dire elephant simulacra (IceCv)
  A basilisk (shapeshifter) (D:15)
  16 humans (D:13)
  The ghost of Thargor the Shield-Bearer, an amateur FoFi (D:3)
  3 hungry ghosts
  2 basilisks
  3 small abominations
  4 harpy simulacra (IceCv)
  4 iron troll simulacra (IceCv)
  4 vampire mosquitoes (D:13)
  A warg (Orc:2)
  2 acid dragons
  A hydra simulacrum (IceCv)
  12 water moccasins
  7 porcupines
  Duvessa (D:5)
  A swamp drake (D:11)
  20 orc warriors
  A meliai simulacrum (D:15)
  An alligator simulacrum (IceCv)
  5 black bears
  5 sky beasts
  3 necrophages
  3 ice beasts
  3 ogres
  5 eyes of draining
  3 ettin simulacra (IceCv)
  22 wolves
  8 boggarts
  11 crocodiles
  20 centaurs
  11 big kobolds
  A hippogriff zombie (Shoals:1)
  16 bullfrogs
  Dowan (D:5)
  A wyvern skeleton (D:13)
  2 scorpions
  An elephant simulacrum (IceCv)
  21 wights
  A vampire bat (Lair:4)
  6 electric eels
  11 howler monkeys
  4 crimson imps
  A quasit (D:13)
  A bullfrog zombie (D:5)
  3 draconian simulacra (IceCv)
  4 human zombies (D:15)
  13 orc priests
  2 bullfrog skeletons
  4 centaur skeletons
  7 hounds
  7 jellies
  19 orc wizards
  6 iguanas
  A human skeleton (D:15)
  7 worker ants
  A polar bear simulacrum (IceCv)
  A troll simulacrum (IceCv)
  A wolf simulacrum (IceCv)
  2 spriggan simulacra (IceCv)
  2 centaur simulacra (IceCv)
  A hound skeleton (D:10)
  2 mummies (D:15)
  2 worker ant zombies
  A gnoll (D:1)
  17 adders
  2 naga simulacra (IceCv)
  A shadow imp (D:14)
  6 white imps (IceCv)
  10 ufetubi (IceCv)
  2 oozes (D:3)
  An adder zombie (D:6)
  A worm (D:3)
  3 dart slugs
  8 leopard geckos
  72 orcs
  A ball python (D:5)
  A bat zombie (Shoals:1)
  8 giant cockroaches
  9 hobgoblins
  10 jackals
  8 quokkas
  16 bats
  8 frilled lizards
  4 goblins
  16 kobolds
  A leopard gecko skeleton (D:9)
  A leopard gecko zombie (D:5)
  An orc skeleton (D:15)
  2 quokka skeletons (D:4)
  5 rats
  3 fungi (Lair:1)
  2 plants
  4 tentacles
1217 creatures vanquished.

Vanquished Creatures (others)
  Nikola (Shoals:3)
  3 merfolk javelineers (Shoals:4)
  2 satyrs
  A deep troll (Vaults:1)
  3 harpies (Shoals:3)
  2 fauns (Shoals:2)
  A manticore (Shoals:1)
  A cyclops (Shoals:3)
  A merfolk siren (Shoals:3)
  A tarantella (Spider:1)
  2 centaurs
  An orc wizard (D:8)
  4 orcs
  A quokka (D:11)
  A kobold (D:11)
  3 fungi
  7 plants
  11 tentacles
46 creatures vanquished.

Grand Total: 1263 creatures vanquished

Notes
Turn   | Place    | Note
-------+----------+-------------------------------------------
     0 | D:1      | Peloso the Minotaur Fighter began the quest for the Orb.
     0 | D:1      | Reached XP level 1. HP: 19/19 MP: 0/0
   103 | D:1      | Reached skill level 4 in Shields
   127 | D:1      | Reached XP level 2. HP: 25/27 MP: 1/1
   517 | D:1      | Reached XP level 3. HP: 11/33 MP: 2/2
  1265 | D:2      | Found a glowing golden altar of the Shining One.
  1270 | D:2      | Reached XP level 4. HP: 38/40 MP: 3/3
  1730 | D:3      | Reached skill level 5 in Shields
  1841 | D:3      | Noticed Thargor's ghost (amateur FoFi)
  1848 | D:3      | Killed Thargor's ghost
  1848 | D:3      | Reached skill level 5 in Armour
  1848 | D:3      | Reached skill level 1 in Dodging
  1848 | D:3      | Reached XP level 5. HP: 46/46 MP: 4/4
  2135 | D:3      | Found a sparkling altar of Nemelex Xobeh.
  2276 | D:3      | Reached XP level 6. HP: 51/52 MP: 5/5
  2491 | D:4      | Found a staircase to the Ecumenical Temple.
  2534 | Temple   | Entered the Ecumenical Temple
  2590 | Temple   | Became a worshipper of Warmaster Okawaru
  2895 | D:4      | Noticed a sky beast
  2900 | D:4      | Killed a sky beast
  2900 | D:4      | Reached skill level 5 in Long Blades
  3155 | D:5      | Entered Level 5 of the Dungeon
  3227 | D:5      | Noticed Ykky's ghost (novice DDFi)
  3242 | D:5      | Killed Ykky's ghost
  3242 | D:5      | Reached * piety under Okawaru
  3242 | D:5      | Reached skill level 6 in Shields
  3242 | D:5      | Reached XP level 7. HP: 13/60 MP: 6/6
  3482 | D:5      | Found a burning altar of Makhleb.
  3487 | D:5      | Found a glowing silver altar of Zin.
  3487 | D:5      | Noticed an angel
  3519 | D:5      | Reached XP level 8. HP: 60/67 MP: 7/7
  3574 | D:5      | Noticed Duvessa
  3574 | D:5      | Noticed Dowan
  3584 | D:5      | Reached skill level 5 in Fighting
  3593 | D:5      | Killed Duvessa
  3593 | D:5      | Reached ** piety under Okawaru
  3601 | D:5      | Killed Dowan
  3825 | D:5      | Noticed a blizzard demon
  4222 | D:6      | Noticed Prince Ribbit
  4673 | D:6      | Killed Prince Ribbit
  5045 | D:6      | Reached skill level 7 in Shields
  5304 | D:7      | Found Zosocrao's Food Boutique.
  5354 | D:7      | Found a bloodstained altar of Trog.
  5416 | D:7      | Reached XP level 9. HP: 71/75 MP: 8/8
  5631 | D:7      | Found an ornate altar of the Wu Jian Council.
  5631 | D:7      | Found a blossoming altar of Fedhas.
  5639 | D:7      | Reached *** piety under Okawaru
  5639 | D:7      | Reached skill level 1 in Invocations
  5709 | D:7      | Found a stormy altar of Qazlal.
  5709 | D:7      | Found a hide-covered altar of Uskayaw.
  5711 | D:7      | Found a snail-covered altar of Cheibriados.
  5774 | D:7      | Reached skill level 1 in Stealth
  5891 | D:8      | Noticed a two-headed ogre
  5900 | D:8      | Killed a two-headed ogre
  6102 | D:8      | Noticed Erica
  6134 | D:8      | Killed Erica
  6134 | D:8      | Reached **** piety under Okawaru
  6134 | D:8      | Reached skill level 10 in Long Blades
  6134 | D:8      | Reached skill level 8 in Shields
  6503 | D:8      | Noticed Joseph
  6518 | D:8      | Killed Joseph
  6518 | D:8      | Reached XP level 10. HP: 70/86 MP: 10/10
  6628 | D:8      | Reached skill level 9 in Shields
  6650 | D:8      | Noticed a two-headed ogre
  6661 | D:8      | Killed a two-headed ogre
  7121 | D:9      | Noticed a two-headed ogre
  7127 | D:9      | Killed a two-headed ogre
  7127 | D:9      | Reached ***** piety under Okawaru
  7218 | D:9      | Reached skill level 10 in Armour
  7711 | D:9      | Reached skill level 10 in Shields
  7716 | D:9      | Found a staircase to the Lair.
  8179 | D:9      | Found Uquefav's Gadget Emporium.
  8295 | D:10     | Entered Level 10 of the Dungeon
  8341 | D:10     | Noticed a two-headed ogre
  8348 | D:10     | Killed a two-headed ogre
  8348 | D:10     | Received a gift from Okawaru
  8348 | D:10     | Reached XP level 11. HP: 83/95 MP: 8/11
  8506 | D:10     | Received a gift from Okawaru
  8715 | D:10     | Noticed a two-headed ogre
  8725 | D:10     | Killed a two-headed ogre
  9041 | D:11     | Noticed Urug
  9063 | D:11     | Killed Urug
  9225 | D:11     | Noticed a deep elf mage
  9227 | D:11     | Noticed a sixfirhy
  9247 | D:11     | Killed a deep elf mage
  9247 | D:11     | Reached skill level 11 in Shields
  9938 | D:11     | Received a gift from Okawaru
 10551 | D:11     | Found a staircase to the Orcish Mines.
 10940 | Lair:1   | Entered Level 1 of the Lair of Beasts
 11024 | Lair:1   | Reached XP level 12. HP: 85/106 MP: 12/12
 11159 | Lair:1   | Noticed Gastronok
 11171 | Lair:1   | Killed Gastronok
 11171 | Lair:1   | Reached skill level 10 in Fighting
 11182 | Lair:1   | Reached skill level 12 in Shields
 11260 | Lair:1   | You fall through a shaft!
 11945 | Lair:2   | Noticed a six-headed hydra
 11956 | Lair:2   | Killed a three-headed hydra
 12114 | Lair:2   | Found a hole to the Spider Nest.
 12683 | Lair:2   | Received a gift from Okawaru
 13115 | Lair:3   | Reached skill level 1 in Evocations
 13993 | Lair:4   | Found the +5 robe of Night {Dark MR+ SInv}
 14076 | Lair:4   | Noticed a five-headed hydra
 14092 | Lair:4   | Killed a one-headed hydra
 14092 | Lair:4   | Reached ****** piety under Okawaru
 14092 | Lair:4   | Reached skill level 13 in Shields
 14191 | Lair:4   | Found a staircase to the Shoals.
 14366 | Lair:4   | Reached XP level 13. HP: 116/116 MP: 13/13
 14445 | Lair:4   | Received a gift from Okawaru
 14446 | Lair:4   | Got an iridescent glaive {god gift}
 14456 | Lair:4   | Identified the +3 glaive of Arrival {holy, rElec rF+ rN+ Int-3} (Okawaru gifted it to you on level 4 of the Lair of Beasts)
 14476 | Lair:4   | You fall through a shaft for 2 floors!
 14476 | Lair:6   | Entered Level 6 of the Lair of Beasts
 15293 | Lair:6   | Found a staircase to the Slime Pits.
 15402 | Lair:5   | Received a gift from Okawaru
 15759 | Lair:4   | Reached skill level 14 in Shields
 15767 | Lair:4   | Reached skill level 15 in Long Blades
 16163 | Lair:5   | Reached skill level 5 in Dodging
 17121 | Lair:6   | Reached XP level 14. HP: 127/127 MP: 14/14
 17578 | Lair:6   | Reached skill level 15 in Shields
 18093 | D:11     | Received a gift from Okawaru
 18336 | D:12     | Found a stormy altar of Qazlal.
 18491 | D:12     | Found a shattered altar of Ashenzari.
 18811 | D:13     | Noticed Nessos
 18863 | D:13     | Received a gift from Okawaru
 18880 | D:13     | Got a polished broad axe {god gift}
 19239 | D:13     | Killed Nessos
 19278 | D:13     | Found a gate to the Vaults.
 19519 | D:13     | Reached skill level 16 in Shields
 19591 | D:13     | Identified the +7 broad axe of Abusasit {chop, rC+} (Okawaru gifted it to you on level 13 of the Dungeon)
 19648 | D:13     | Received a gift from Okawaru
 19784 | D:13     | Identified a scroll of acquirement
 19944 | D:13     | Reached XP level 15. HP: 124/138 MP: 15/15
 20266 | Orc:1    | Entered Level 1 of the Orcish Mines
 21063 | Orc:2    | Entered Level 2 of the Orcish Mines
 21423 | Orc:2    | Paralysed by an orc sorcerer for 4 turns
 21443 | Orc:2    | Received a gift from Okawaru
 21446 | Orc:2    | Got a fine lajatang {god gift}
 21447 | Orc:2    | Identified the +1 lajatang of Qitzeeff {freeze, *Corrode rElec rN+ Int+5} (Okawaru gifted it to you on level 2 of the Orcish Mines)
 21667 | Orc:2    | Found Evuheaje's Food Boutique.
 21667 | Orc:2    | Found Pinopn's Book Shoppe.
 21690 | Orc:2    | Found Feuhoe's Jewellery Boutique.
 21690 | Orc:2    | Found Fin Ollo's Magic Scroll Shoppe.
 21742 | Orc:2    | Found a roughly hewn altar of Beogh.
 21956 | Orc:2    | Noticed Sonja
 21962 | Orc:2    | Killed Sonja
 21967 | Orc:2    | Found a staircase to the Elven Halls.
 22217 | Orc:2    | Bought the brooch of Shielding {Reflect SH+8} for 1381 gold pieces
 22217 | Orc:2    | Found the brooch of Shielding {Reflect SH+8}
 22217 | Orc:2    | Bought the ring "Kietz" {rN+ Slay+3 SInv} for 504 gold pieces
 22778 | D:14     | Found a deep blue altar of Sif Muna.
 22849 | D:14     | Reached skill level 17 in Shields
 22861 | D:14     | Noticed lrwvr's ghost (journeyman DsGl)
 22890 | D:14     | Killed lrwvr's ghost
 23459 | D:15     | Entered Level 15 of the Dungeon
 23488 | D:15     | Noticed Louise
 23493 | D:15     | Cast into level 3 of the Abyss (Louise)
 23643 | Abyss:3  | Noticed a tentacled starspawn
 23646 | Abyss:3  | Gained mutation: Your body sometimes deteriorates upon taking damage. [a shining eye]
 23652 | Abyss:3  | Killed a tentacled starspawn
 23652 | Abyss:3  | Received a gift from Okawaru
 23693 | Abyss:4  | Found a corrupted altar of Lugonu.
 23724 | Abyss:4  | Reached skill level 15 in Fighting
 23746 | D:15     | Escaped the Abyss
 23753 | D:15     | Killed Louise
 23978 | D:15     | Paralysed by a hornet for 3 turns
 24303 | D:15     | Found a staircase to the Depths.
 24439 | D:15     | Found a basalt altar of Yredelemnul.
 25344 | Orc:2    | Bought an uncursed ring of poison resistance for 260 gold pieces
 25555 | Spider:1 | Entered Level 1 of the Spider Nest
 25607 | Spider:1 | Reached XP level 16. HP: 117/149 MP: 16/16
 25618 | Spider:1 | Received a gift from Okawaru
 25630 | Spider:1 | Got an ancient quick blade {god gift}
 25667 | Spider:1 | Identified the +6 quick blade "Vuumoum" {pierce, *Rage rC++ MR+ Str+3} (Okawaru gifted it to you on level 1 of the Spider Nest)
 25719 | Spider:1 | Reached skill level 18 in Shields
 26097 | Spider:1 | Reached skill level 15 in Armour
 26132 | Spider:1 | Noticed Josephine
 26147 | Spider:1 | Killed Josephine
 26830 | Spider:2 | Received a gift from Okawaru
 27167 | Spider:2 | Noticed Roxanne
 27183 | Spider:2 | Killed Roxanne
 27184 | Spider:2 | Identified Roxanne's Guide on the Rocks (You took it off Roxanne on level 2 of the Spider Nest)
 28042 | Spider:3 | Reached skill level 19 in Shields
 29012 | Spider:4 | Entered Level 4 of the Spider Nest
 29173 | Spider:4 | Received a gift from Okawaru
 29810 | Spider:4 | Reached XP level 17. HP: 50/158 MP: 17/17
 30320 | Spider:4 | Reached skill level 20 in Shields
 31070 | Spider:4 | Received a gift from Okawaru
 31073 | Spider:4 | Got a slimy long sword {god gift}
 31074 | Spider:4 | Identified the +6 long sword "Vudacsux" {drain, +Fly rElec Int-3 SInv} (Okawaru gifted it to you on level 4 of the Spider Nest)
 31262 | Spider:4 | Got a gossamer rune of Zot
 31628 | Shoals:1 | Entered Level 1 of the Shoals
 31628 | Shoals:1 | Found Pitso's Weapon Shop.
 31659 | Shoals:1 | Found a frozen archway.
 31719 | IceCv    | Entered an ice cave
 32434 | IceCv    | Noticed an Ice Fiend
 32447 | IceCv    | HP: 4/160 [Ice Fiend (26)]
 32452 | IceCv    | Killed an Ice Fiend
 33344 | Shoals:1 | Received a gift from Okawaru
 33439 | Shoals:1 | Reached skill level 21 in Shields
 33545 | Shoals:1 | Noticed a kraken
 33555 | Shoals:1 | Killed a kraken
 34698 | Shoals:3 | HP: 7/161 [harpy (12)]
 35153 | Shoals:4 | Entered Level 4 of the Shoals
 35229 | Shoals:4 | Reached XP level 18. HP: 142/169 MP: 18/18
 35396 | Shoals:3 | Noticed Nikola
 35417 | Shoals:3 | Noticed raetorn's ghost (adept TeCj)
 35426 | Shoals:3 | Killed raetorn's ghost
 35444 | Shoals:3 | Noticed Polyphemus
 35445 | Shoals:3 | Noticed Kirke
 36088 | Shoals:4 | Noticed Ilsuiw
 36098 | Shoals:4 | Killed Ilsuiw
 36449 | Shoals:3 | Killed Nikola
 36449 | Shoals:3 | Reached skill level 22 in Shields
 36982 | Shoals:3 | Killed Polyphemus
 37619 | Shoals:4 | Received a gift from Okawaru
 37627 | Shoals:4 | Got a pair of jewelled boots {god gift}
 37707 | Shoals:4 | Identified the +0 pair of boots of a ziggurat {MP+9} (Okawaru gifted it to you on level 4 of the Shoals)
 37984 | Shoals:4 | Noticed Mara
 37995 | Shoals:4 | Noticed Peloso's illusion
 37999 | Shoals:4 | Killed Mara
 38427 | Shoals:4 | Got a barnacled rune of Zot
 38533 | Shoals:4 | Got a slimy short sword {venom}
 38809 | Lair:1   | Identified the +8 short sword "Hydrabane" {venom, rPois Int+3 Dex-3 Stlth+} (You took it off a merfolk on level 4 of the Shoals)
 39025 | Vaults:1 | Entered Level 1 of the Vaults
 39057 | Vaults:1 | Noticed Jorgrun
 39069 | Vaults:1 | HP: 7/171 [yaktaur captain/bolt (12)]
 39070 | Vaults:1 | HP: 3/171 [Jorgrun/quarterstaff of crushing (1)]
 39071 | Vaults:1 | Shot with a bolt by a yaktaur captain

Skill      XL: |  1  2  3  4  5  6  7  8  9 10 11 12 13 14 15 16 17 18 |
---------------+-------------------------------------------------------+-----
Shields        | 4 5 6 7 8 10 11 13 14 16 17 19 21 22 | 22.6
Fighting       | 4 5 7 8 9 11 12 14 15 16 17 | 17.8
Long Blades    | 3 4 6 7 8 10 12 13 14 15 16 17 18 19 | 19.0
Armour         | 4 5 6 8 9 10 11 12 13 14 15 | 15.9
Dodging        | 1 2 3 4 5 6 7 8 |  8.0
Invocations    | 1 2 |  2.8
Stealth        | 1 2 |  2.9
Evocations     | 1 |  1.6

Action                   |  1- 3 |  4- 6 |  7- 9 | 10-12 | 13-15 | 16-18 || total
-------------------------+-------+-------+-------+-------+-------+-------++-------
Melee: Long sword        |    93 |   118 |   200 |       |       |       ||   411
       Headbutt          |    12 |    27 |    48 |   156 |   325 |   330 ||   898
       Scimitar          |       |       |    19 |   587 |    47 |       ||   653
       Falchion          |       |       |       |    28 |       |       ||    28
       Demon blade       |       |       |       |   106 |   761 |       ||   867
       Double sword      |       |       |       |       |   483 |  1281 ||  1764
Invok: Heroism           |       |       |     4 |    11 |     2 |     3 ||    20
Evoke: Wand              |       |       |       |     7 |     1 |     4 ||    12
  Use: Scroll            |       |    11 |     3 |     9 |    14 |    12 ||    49
       Potion            |       |     2 |     5 |       |       |     6 ||    13
 Stab: Petrified         |       |       |       |       |       |     5 ||     5
       Held in net/web   |       |       |       |       |       |     1 ||     1
  Eat: Chunk             |     1 |     5 |     3 |    24 |    27 |    29 ||    89
       Ration            |       |       |     3 |     1 |     3 |     4 ||    11
Armor: Scale mail        |    44 |    27 |       |       |       |       ||    71
       Chain mail        |       |     4 |    65 |   122 |   363 |   346 ||   900
       Plate armour      |       |       |       |   129 |       |       ||   129
Dodge: Dodged            |    27 |    30 |    40 |   171 |   307 |   304 ||   879
       Deflected         |       |       |       |       |    11 |     3 ||    14
Block: Shield            |    57 |    52 |   111 |   424 |   730 |       ||  1374
       Large shield      |       |       |       |       |   165 |  2114 ||  2279
       Reflection        |       |       |       |       |    10 |   106 ||   116
       Rpst.: Long sword |     6 |     4 |    11 |       |       |       ||    21
       Scimitar          |       |       |     1 |    29 |     3 |       ||    33
       Demon blade       |       |       |       |     9 |    43 |       ||    52
       Double sword      |       |       |       |       |    25 |    40 ||    65
